 Dungeon Crawl Stone Soup version 0.29.1-15-g9cfb28693d (webtiles) character file.

Game seed: 2796754685098143587

56 ThatPearl the Trooper (level 4, -8/37 HPs)
             Began as a Formicid Abyssal Knight on Mar 14, 2023.
             Was a Priest of Lugonu.
             Mangled by a gnoll
             ... wielding a +2 whip of distortion
              (9 damage)
             ... on level 2 of the Dungeon.
             The game lasted 00:03:12 (1826 turns).

ThatPearl the Trooper (Formicid Abyssal Knight)     Turns: 1826, Time: 00:03:12

Health: -8/37      AC:  5    Str: 17    XL:     4   Next: 15%
Magic:  6/6        EV: 11    Int: 12    God:    Lugonu [***...]
Gold:   80         SH:  0    Dex: 14    Spells: 3/3 levels left

rFire   . . .      SeeInvis +   g - +2 mace (protect)
rCold   . . .      Faith    +   (no shield)
rNeg    . . .      Spirit   .   b - +0 leather armour
rPois   .          Reflect  .   (helmet unavailable)
rElec   .          Harm     .   (no cloak)
rCorr   .          Rampage  .   d - +0 pair of gloves
Will    .....                   n - +0 pair of boots
Stlth   +.........              r - amulet of faith
HPRegen 0.12/turn               (no ring)
MPRegen 0.10/turn               (no ring)

@: no status effects
A: permanent stasis, dig shafts and tunnels, antennae 3, four strong arms
a: Dig, Shaft Self, Renounce Religion, Depart the Abyss, Bend Space, Banish


You were on level 2 of the Dungeon.
You worshipped Lugonu.
Lugonu was most pleased with you.
You visited 1 branch of the dungeon, and saw 2 of its levels.
You visited the Abyss 1 time.

You collected 80 gold pieces.

Inventory:

Hand Weapons
 a - a +1 hand axe
 g - a +2 mace of protection (weapon)
Missiles
 c - 2 poisoned darts
 i - 14 stones
Armour
 b - a +0 leather armour (worn)
 d - a +0 pair of gloves (worn)
 n - a +0 pair of boots (worn)
Magical Staves
 p - a staff of cold
Jewellery
 r - an amulet of faith (around neck)
Scrolls
 j - a scroll of magic mapping {unknown}
 l - a scroll of enchant weapon {unknown}
 m - a scroll of identify {unknown}
 o - 2 scrolls of blinking {unknown}
 q - a scroll of butterflies {unknown}
Potions
 e - 2 potions of haste {unknown}
 f - 2 potions of ambrosia {unknown}
 h - 2 potions of heal wounds {unknown}
 k - a potion of berserk rage {unknown}


   Skills:
 + Level 4.0 Fighting
 + Level 2.8 Axes
 - Level 2.1 Armour
 - Level 0.8 Dodging
 + Level 3.2 Invocations


You had 3 spell levels left.
You didn't know any spells.
Your spell library was empty.

Dungeon Overview and Level Annotations

Branches:
Dungeon (2/15)

Altars:

Shops:
D:1 (


Innate Abilities, Weirdness & Mutations

You cannot be hasted, slowed, berserked, paralysed or teleported.
You can dig through walls and to a lower floor.
You have a pair of large antennae on your head. (SInv)
Your four strong arms can wield two-handed weapons with a shield.


Message History

Lugonu accepts your kill.
Your Fighting skill increases to level 4!
You have reached level 4!
You feel clever.
A rat comes into view.
You hit the rat.
Your weapon exudes an aura of protection.
You kill the rat!
Lugonu accepts your kill.
You can now banish your foes.
You see here a rat corpse.
A gnoll comes into view. It is wielding a +0 spear.
The gnoll shouts!
A gnoll comes into view. It is wielding a +2 whip of distortion.
You closely miss the gnoll.
The gnoll hits you from afar with a +0 spear.
The gnoll barely misses you. x2; The gnoll closely misses you.
You barely miss the gnoll. The gnoll closely misses you.
The gnoll hits you from afar with a +0 spear.
You closely miss the gnoll. The gnoll misses you. The gnoll barely misses you.
You hit the gnoll.
Your weapon exudes an aura of protection.
The gnoll is heavily wounded.
The gnoll hits you from afar with a +0 spear.
The gnoll hits you but does no damage. x2
The gnoll hits you with a +2 whip of distortion.
You hit the gnoll.
The gnoll is severely wounded.
The gnoll hits you with a +2 whip of distortion.
* * * LOW HITPOINT WARNING * * *
The gnoll hits you from afar with a +0 spear.
* * * LOW HITPOINT WARNING * * *
You see here a rat corpse.
You closely miss the gnoll.
The gnoll is severely wounded.
The gnoll closely misses you.
You barely miss the gnoll.
The gnoll is severely wounded.
The gnoll completely misses you.
The gnoll hits you with a +2 whip of distortion!
You die...

... ..# #...#.#. .. ..#
#.#.#.#. ....#
####.#.#.#.
.#.###......#.#.
.......).#.#.#.
####.###.##.#.).[.
#.g.......#.###... . #
#g##............## ?.#.
#@####..........# ....##
#)# .#........##
.....###)####.#.........#
#....................#
##...........#...#....
#..##.####.#.#...##..#
#....###.# #.# ##.# #..#
......# #.## #.# #.###..#
...... #..# #.# ......


You could see 2 gnolls.

Vanquished Creatures
  2 gnolls (D:2)
  An adder (D:2)
  2 endoplasms (D:1)
  2 giant cockroaches
  2 goblins
  A hobgoblin (D:1)
  5 kobolds
  2 quokkas (D:1)
  4 ball pythons
  2 bats
  2 frilled lizards (D:2)
  3 rats
28 creatures vanquished.

Notes
Turn   | Place    | Note
-------+----------+-------------------------------------------
     0 | Abyss:1  | ThatPearl the Formicid Abyssal Knight began the quest for
                  | the Orb.
     0 | Abyss:1  | Reached XP level 1. HP: 18/18 MP: 2/2
     1 | D:1      | Escaped the Abyss
   254 | D:1      | Reached XP level 2. HP: 11/24 MP: 3/3
   471 | D:1      | Found Neiwk's Antique Weapon Boutique.
  1085 | D:1      | Found a faded altar of an unknown god.
  1509 | D:2      | Reached XP level 3. HP: 30/30 MP: 5/5
  1801 | D:2      | Reached skill level 4 in Fighting
  1801 | D:2      | Reached XP level 4. HP: 24/37 MP: 6/6
  1811 | D:2      | Reached *** piety under Lugonu
  1822 | D:2      | HP: 1/37 [gnoll/+0 spear (5)]
  1826 | D:2      | Mangled by a gnoll

Illustrated notes

Levels and vault maps discovered:
D:1:      roderic_octagonal_star, layout_basic, serial_shops,
          nicolae_shop_stone, hellmonk_ecumenical_altar_run_dry,
          minmay_misc_feat_five, st_stairs_14
D:2:      layout_loops_ring, minmay_pentomino_o2, uniq_terence

Skill      XL: |  1  2  3 |
---------------+----------+-----
Invocations    | 3 |  3.2
Fighting       | 4 |  4.0
Axes           | |  2.8
Armour         | |  2.1
Dodging        | |  0.8

Action                   |  1- 3 |  4- 6 || total
-------------------------+-------+-------++-------
Melee: Hand axe          |    14 |       ||    14
       Mace              |    68 |     8 ||    76
 Abil: Dig               |     1 |       ||     1
 Stab: Sleeping          |     1 |       ||     1
Armor: Leather armour    |    35 |     2 ||    37
Dodge: Dodged            |    66 |     8 ||    74
